 Dungeon Crawl Stone Soup version 0.18.1-8-gdd0e5ea (webtiles) character file.

11137 epen the Transmogrifier (level 11, -6/84 HPs)
             Began as a Merfolk Transmuter on May 22, 2016.
             Was a Priest of Sif Muna.
             Hit by a tomahawk thrown by a merfolk (17 damage)
             ... on level 3 of the Lair of Beasts.
             The game lasted 00:29:23 (15984 turns).

epen the Transmogrifier (Merfolk Transmuter)       Turns: 15984, Time: 00:29:25

Health: -6/84      AC:  7    Str: 11    XL:     11   Next: 73%
Magic:  18/20      EV: 18    Int: 16    God:    Sif Muna [***...]
Gold:   771        SH:  0    Dex: 14    Spells: 6 memorised, 0 levels left

rFire  . . .     SeeInvis .       - Unarmed
rCold  . . .     Gourm    .     O - +0 steam dragon armour
rNeg   . . .     Faith    .     (no shield)
rPois  .         Spirit   .     (no helmet)
rElec  .         Dismiss  .     R - +0 cloak
rCorr  .         Reflect  .     D - +0 pair of gloves
SustAt .         Harm     .     (no boots)
MR     +....                    H - amulet of regeneration
Stlth  +++.......               E - ring of stealth
                                n - ring of protection from magic

@: mesmerised, very slightly contaminated, somewhat resistant to hostile
enchantments, fairly stealthy
A: change form in water, swift swim
a: Channel Energy, Renounce Religion


You were on level 3 of the Lair of Beasts.
You worshipped Sif Muna.
Sif Muna was most pleased with you.
You were not hungry.

You visited 2 branches of the dungeon, and saw 13 of its levels.
You also visited: Sewer.

You collected 771 gold pieces.

Inventory:

Missiles
 a - 169 arrows
 C - a throwing net (quivered)
Armour
 b - a +0 robe
 y - a +0 buckler
 D - a +0 pair of gloves (worn)
 O - a +0 steam dragon armour (worn)
 R - a +0 cloak (worn)
Jewellery
 n - a ring of protection from magic (left hand)
 A - an uncursed ring of flight
 E - a ring of stealth (right hand)
 H - an amulet of regeneration (around neck)
Wands
 j - a wand of digging (11/24)
 s - a wand of teleportation (2/9)
 I - a wand of iceblast (9/15)
Scrolls
 f - 3 scrolls of blinking
 p - 4 scrolls of immolation
 u - a scroll of enchant armour
 z - 9 scrolls of remove curse
 N - a scroll of magic mapping
 Q - a scroll of identify
Potions
 e - 4 potions of haste
 g - 3 potions of curing
 i - 5 potions of lignification
 k - 5 potions of agility
 l - 2 potions of heal wounds {unknown}
 r - 2 potions of invisibility
 t - 3 potions of berserk rage
 w - 4 potions of flight
 x - 3 potions of resistance
 B - a potion of cure mutation
 G - 2 potions of brilliance
 J - a potion of ambrosia {unknown}
 M - a potion of cancellation {unknown}
Books
 c - a book of Changes

   Spells                             Type                      Level
   a - Beastly Appendage              Transmutation                1
   b - Sticks to Snakes               Transmutation                2
   c - Spider Form                    Transmutation/Poison         3
   d - Ice Form                       Ice/Transmutation            4
   e - Blade Hands                    Transmutation                5
 v - a book of Conjurations

   Spells                             Type                      Level
   a - Magic Dart                     Conjuration                  1
   b - Searing Ray                    Conjuration                  2
   c - Dazzling Spray                 Conjuration/Hexes            3
   d - Fulminant Prism                Conjuration/Hexes            4
   e - Iskenderun's Mystic Blast      Conjuration                  4
   f - Iskenderun's Battlesphere      Conjuration/Charms           5
 F - a book of Transfigurations

   Spells                             Type                      Level
   a - Irradiate                      Conjuration/Transmutation    5
   b - Statue Form                    Transmutation/Earth          6
   c - Hydra Form                     Transmutation                6
   d - Dragon Form                    Transmutation                7
Miscellaneous
 K - a lamp of fire
Comestibles
 d - 12 bread rations
 h - 4 fruits
 m - 2 slices of pizza
 o - 3 beef jerkies
 q - 3 meat rations
 L - 8 chunks of flesh


   Skills:
 + Level 7.5 Fighting
 + Level 9.8 Dodging
 + Level 5.0 Shields
 + Level 8.2 Unarmed Combat
 + Level 6.3 Spellcasting
 * Level 12.8 Transmutations
 * Level 3.7 Invocations
 + Level 2.4 Evocations


You couldn't memorise any spells.
You knew the following spells:

 Your Spells              Type           Power        Failure   Level  Hunger
a - Beastly Appendage     Trmt           #####.       1%          1    None
b - Sticks to Snakes      Trmt           #####...     1%          2    None
c - Spider Form           Trmt/Pois      ####......   2%          3    ##.....
d - Blade Hands           Trmt           #####.....   1%          5    #####..
e - Ice Form              Ice/Trmt       ####....     12%         4    ####...
f - Dragon Form           Trmt           #####.....   71%         7    #######


Dungeon Overview and Level Annotations

Branches:
Dungeon (10/15)            Temple (0/1) D:6            Lair (3/8) D:8
  Swamp: Lair:3-6    Shoals: Lair:3-6     Snake: Lair:3-6    Spider: Lair:3-6
    Orc: D:9-12

Altars:
Cheibriados
Dithmenos
Gozag
Makhleb
Nemelex Xobeh
Okawaru
Ru
Sif Muna
Trog
Yredelemnul
Zin
The Shining One

Shops:
D:6 }   D:7 (

Annotations:
D:10 Nergalle
Lair:1 Gastronok


Message History

You cannot move away from the siren!
Read which item? (? for menu, Esc to quit)
Blink to where?
Press: ? - help, Dir - move target cursor You are very lightly contaminated with residual magic.
As you read the scroll of blinking, it crumbles to dust.
The merfolk throws a tomahawk.
The tomahawk barely misses you.
The siren chants a haunting song.
You resist with some effort.
Your water moccasin bites the siren.
The siren chants its luring song.
Drink which item? (? for menu, Esc to quit)
Okay, then.
You warm up again.
Your +0 cloak unmelds from your body.
Your +0 pair of gloves unmelds from your body.
Your +0 steam dragon armour unmelds from your body.
Your water moccasin bites the siren.
The siren is poisoned.
Your water moccasin poisons the siren!
The merfolk throws a tomahawk.
The tomahawk hits you!
You die...

....... ....... ###
............## ##(##
....PP.......# #.#.###
..P..P......P####.S##.#
.......P......##mmm...#
.......#......#...m..###
.................F.....##
................@#.###..##
......#..........#...###.#
.....P#................###
........................#
..............(.......###
........................#
................P......##
.............P....##...#
...................##..#


You could see 2 merfolk, 2 sirens, a blink frog and a friendly water moccasin.

Vanquished Creatures
  A hill giant (D:10)
  3 black mambas
  2 spiny frogs
  A komodo dragon (D:8)
  2 blink frogs (Lair:3)
  A spriggan (D:8)
  8 yaks
  4 hippogriffs
  A steam dragon (D:9)
  3 water moccasins
  A porcupine (Lair:1)
  A sky beast (D:8)
  2 ice beasts
  2 orc warriors
  2 black bears
  A phantom (D:5)
  2 necrophages
  4 centaurs
  10 ogres
  3 crocodiles
  2 big kobolds
  10 giant frogs
  3 scorpions
  A water moccasin skeleton (D:5)
  7 killer bees
  3 wights (D:7)
  4 howler monkeys
  5 crimson imps
  A giant frog zombie (D:9)
  2 centaur zombies
  2 hounds
  A centaur skeleton (D:4)
  2 orc priests
  4 orc wizards
  5 giant frog skeletons
  3 iguanas
  Natasha (thrice) (D:4)
  Terence (D:3)
  10 worker ants
  2 killer bee zombies
  A hound zombie (D:7)
  A hound skeleton (D:5)
  5 worker ant zombies
  6 adders
  10 gnolls
  27 river rats
  4 shadow imps
  5 oozes
  An adder skeleton (D:9)
  8 worms
  2 dart slugs
  3 giant geckos
  31 orcs
  10 giant cockroaches
  7 goblins
  13 hobgoblins
  15 jackals
  12 kobolds
  6 quokkas
  14 bats
  A giant cockroach zombie (D:5)
  A giant gecko skeleton (D:4)
  2 giant gecko zombies (D:5)
  7 giant newts
  A jackal zombie (D:6)
  A quokka zombie (D:5)
  7 rats
326 creatures vanquished.

Vanquished Creatures (collateral kills)
  Psyche (D:9)
  A blink frog (Lair:3)
  2 yaks (D:7)
  A sky beast (D:8)
  A necrophage (D:9)
  A howler monkey (D:8)
  A giant frog zombie (D:5)
  A river rat (Lair:1)
  A fungus (Lair:1)
10 creatures vanquished.

Vanquished Creatures (others)
  A hound (D:8)
  2 plants (D:8)
3 creatures vanquished.

Grand Total: 339 creatures vanquished

Notes
Turn   | Place    | Note
--------------------------------------------------------------
     0 | D:1      | epen the Merfolk Transmuter began the quest for the Orb.
     0 | D:1      | Reached XP level 1. HP: 15/15 MP: 3/3
    51 | D:1      | Reached skill level 3 in Transmutations
    55 | D:1      | Reached XP level 2. HP: 2/21 MP: 3/5
   899 | D:1      | Reached XP level 3. HP: 26/26 MP: 6/6
   917 | D:1      | Learned a level 2 spell: Sticks to Snakes
   921 | D:1      | Learned a level 3 spell: Spider Form
  1151 | D:2      | Reached skill level 4 in Transmutations
  1151 | D:2      | Reached XP level 4. HP: 33/33 MP: 7/7
  1214 | D:2      | Found a glowing golden altar of the Shining One.
  1562 | D:3      | Found a deep blue altar of Sif Muna.
  1611 | D:3      | Became a worshipper of Sif Muna the Loreminder
  1927 | D:3      | Noticed Terence
  1943 | D:3      | Killed Terence
  1943 | D:3      | Reached XP level 5. HP: 31/38 MP: 5/8
  2053 | D:3      | Found a glowing drain.
  2062 | Sewer    | Entered a sewer
  2382 | Sewer    | Reached skill level 5 in Transmutations
  3500 | D:2      | Reached XP level 6. HP: 35/46 MP: 2/9
  4001 | D:4      | Reached skill level 5 in Dodging
  4420 | D:4      | Found a shadowy altar of Dithmenos.
  4420 | D:4      | Found a basalt altar of Yredelemnul.
  4421 | D:4      | Found an opulent altar of Gozag.
  4430 | D:4      | Found a bloodstained altar of Trog.
  4472 | D:4      | Reached skill level 6 in Transmutations
  4473 | D:4      | Reached XP level 7. HP: 52/52 MP: 6/11
  4630 | D:4      | Noticed Natasha
  4640 | D:4      | Killed Natasha
  4706 | D:4      | Noticed Natasha
  4715 | D:4      | Killed Natasha
  4753 | D:4      | Noticed Natasha
  4759 | D:4      | Killed Natasha
  4832 | D:5      | Entered Level 5 of the Dungeon
  5292 | D:5      | Reached skill level 7 in Transmutations
  5373 | D:5      | Learned a level 5 spell: Blade Hands
  5773 | D:5      | Reached * piety under Sif Muna
  5773 | D:5      | Reached XP level 8. HP: 17/60 MP: 13/13
  5874 | D:4      | Reached skill level 5 in Unarmed Combat
  6174 | D:4      | Reached skill level 8 in Transmutations
  7260 | D:6      | Found Pugufeil's Gadget Emporium.
  7390 | D:6      | Found a sacrificial altar of Ru.
  7434 | D:6      | Reached skill level 9 in Transmutations
  7434 | D:6      | Reached XP level 9. HP: 51/67 MP: 9/15
  7444 | D:6      | Reached skill level 5 in Fighting
  7815 | D:6      | Found a staircase to the Ecumenical Temple.
  8162 | D:7      | Found an iron altar of Okawaru.
  8259 | D:7      | Learned a level 4 spell: Ice Form
  8262 | D:7      | Found a burning altar of Makhleb.
  8317 | D:7      | Reached ** piety under Sif Muna
  8328 | D:7      | Reached skill level 1 in Shields
  8898 | D:7      | Found Jasinir's Antique Weapon Shop.
  9183 | D:7      | Reached skill level 10 in Transmutations
  9702 | D:7      | Reached skill level 5 in Spellcasting
 10065 | D:7      | Reached XP level 10. HP: 73/76 MP: 17/17
 10671 | D:8      | Found a snail-covered altar of Cheibriados.
 10755 | D:8      | Found a staircase to the Lair.
 10857 | D:8      | Reached skill level 11 in Transmutations
 11099 | D:8      | Found a sparkling altar of Nemelex Xobeh.
 11387 | D:8      | HP: 2/77 [sky beast (5)]
 12021 | D:9      | Noticed Psyche
 12077 | D:9      | Killed Psyche
 12926 | D:9      | Found a glowing silver altar of Zin.
 13253 | D:9      | Reached *** piety under Sif Muna
 13463 | D:10     | Entered Level 10 of the Dungeon
 13551 | D:10     | Noticed a hill giant
 13561 | D:10     | Killed a hill giant
 13561 | D:10     | Reached skill level 12 in Transmutations
 13561 | D:10     | Reached XP level 11. HP: 38/84 MP: 14/19
 13788 | D:10     | Found a sacrificial altar of Ru.
 13912 | D:10     | Reached skill level 1 in Invocations
 13935 | D:10     | HP: 5/100 [poisoned by a killer bee]
 13940 | D:10     | HP: 5/100 [poisoned by a killer bee]
 13945 | D:10     | HP: 5/100 [poisoned by a killer bee]
 14293 | D:10     | Noticed Nergalle
 14661 | Lair:1   | Entered Level 1 of the Lair of Beasts
 14811 | Lair:1   | Learned a level 7 spell: Dragon Form
 14956 | Lair:1   | Reached skill level 1 in Evocations
 15220 | Lair:1   | Noticed Gastronok
 15335 | Lair:2   | Noticed a seven-headed hydra
 15979 | Lair:3   | Reached skill level 5 in Shields
 15984 | Lair:3   | Hit by a tomahawk thrown by a merfolk

Skill      XL: |  1  2  3  4  5  6  7  8  9 10 11 |
---------------+----------------------------------+-----
Transmutations | 3 4 5 6 7 9 10 12 | 12.8
Dodging        | 3 4 5 7 8 9 |  9.8
Fighting       | 2 3 4 6 7 |  7.5
Unarmed Combat | 4 5 6 7 8 |  8.2
Spellcasting   | 3 4 5 6 |  6.3
Shields        | 2 4 5 |  5.0
Invocations    | 3 |  3.7
Evocations     | 2 |  2.4

Action                   |  1- 3 |  4- 6 |  7- 9 | 10-12 || total
-------------------------+-------+-------+-------+-------++-------
Melee: Unarmed           |   112 |   292 |   451 |   494 ||  1349
       Punch             |     3 |     2 |     9 |    18 ||    32
       Headbutt          |     2 |       |       |       ||     2
       Tailslap          |       |     2 |       |       ||     2
 Cast: Beastly Appendage |     1 |       |       |       ||     1
       Spider Form       |     1 |    20 |    19 |       ||    40
       Sticks to Snakes  |       |       |    11 |    35 ||    46
       Blade Hands       |       |       |    15 |    31 ||    46
       Ice Form          |       |       |       |    11 ||    11
Invok: Channel Energy    |       |       |       |     1 ||     1
 Abil: End Transformatio |       |       |       |     1 ||     1
  Use: Scroll            |       |       |    17 |    14 ||    31
       Potion            |       |       |       |     1 ||     1
 Stab: Sleeping          |     1 |     3 |     4 |    11 ||    19
       Distracted        |       |       |     2 |     1 ||     3
  Eat: Chunk             |     1 |     9 |    17 |    17 ||    44
       Meat ration       |       |     1 |     2 |     2 ||     5
       Beef jerky        |       |       |       |     1 ||     1
       Pizza             |       |       |       |     1 ||     1
Armor: Robe              |    36 |    17 |    30 |    19 ||   102
       Skin              |     1 |     7 |     5 |    25 ||    38
       Steam dragon armo |       |       |       |    28 ||    28
Dodge: Dodged            |    94 |   225 |   314 |   429 ||  1062
